 Dungeon Crawl Stone Soup version bcrawl-1.31.4 (webtiles) character file.

Game seed: 7843261656555127707

9898031 Morbidden the Severer (level 23, -23/229 HPs)
             Began as a Demonspawn Archaeologist on June 13, 2021.
             Was the Champion of Cheibriados.
             Shot with a bolt by a yaktaur captain (36 damage)
             ... on level 3 of the Depths on June 17, 2021.
             The game lasted 01:34:35 (41479 turns).

Morbidden the Severer (Demonspawn Archaeologist)   Turns: 41479, Time: 01:34:35

Health: -23/229    AC: 24    Str: 40    XL:     23   Next: 37%
Magic:  5/37       EV: 21    Int: 43    God:    Cheibriados [******]
Gold:   3010       SH: 17    Dex: 25    Spells: 25/43 levels left

rFire    + . .     SeeInvis .   a - +5 broad axe of Desperation {drain, rC+ MP+9 Dex+3}
rCold    + . .     Gourm    .   J - +1 medium shield "Tucieff" {rF+ MP-9 Stlth+}
rNeg     . . .     Faith    .   C - +4 scale mail of the Equator {Regen+ Str+9 Dex-2 Slay+6}
rPois    .         Spirit   .   L - +0 helmet {Int+3}
rElec    +         Reflect  .   R - +1 cloak {+Inv}
rCorr    .         Harm     .   K - +2 pair of gloves {archery}
MR       ++...                  (boots unavailable)
Stlth    +++.......             m - amulet of regeneration
HPRegen  1.03/turn              Q - ring of insulation
MPRegen  0.25/turn              r - ring "Omaloc" {MR+ Int+6 Dex-5 Slay+6}

@: about to teleport, very slightly contaminated, studying Maces & Flails, very
slow
A: hooves 3, rugged brown scales 3, demonic guardian 2, robust 2, spiny 3,
subdued magic 1
}: 2/15 runes: serpentine, barnacled
a: Bend Time, Temporal Distortion, Slouch, Step From Time, Renounce Religion,
Evoke Invisibility


You were on level 3 of the Depths.
You worshipped Cheibriados.
Cheibriados was exalted by your worship.
You were hungry.

You visited 9 branches of the dungeon, and saw 34 of its levels.
You visited the Abyss 3 times.
You also visited: Bailey.

You collected 7670 gold pieces.
You spent 4660 gold pieces at shops.

Inventory:

Hand Weapons
 a - the +5 broad axe of Desperation (weapon) {drain, rC+ MP+9 Dex+3}
   (You bought it in a shop on level 7 of the Dungeon)

   A truly terrible weapon, it drains the life of those it strikes.
   It affects your dexterity (+3).
   It protects you from cold.
   It affects your magic capacity (+9).
 b - a +3 morningstar
 Y - the +12 scimitar "Lirelieh" {freeze, Str+3 Dex+3}
   (You found it on level 6 of the Lair of Beasts)

   It has been specially enchanted to freeze those struck by it, increasing
   damage dealt by approximately one third against foes not resistant or
   susceptible to cold, and potentially slowing cold-blooded foes.
   It affects your strength (+3).
   It affects your dexterity (+3).
Missiles
 i - 273 steel javelins
 k - 76 javelins of penetration {=f}
 s - 5 throwing nets {=f}
 v - 1248 poisoned tomahawks (quivered)
 z - 84 exploding tomahawks
 H - 7831 stones
 V - 435 tomahawks of dispersal {=f}
 Z - 1673 javelins
Armour
 C - the +4 scale mail of the Equator (worn) {Regen+ Str+9 Dex-2 Slay+6}
   (You found it on level 9 of the Dungeon)

   It affects your strength (+9).
   It affects your dexterity (-2).
   It affects your accuracy and damage with ranged weapons and melee attacks
   (+6).
   It increases your rate of regeneration.
 J - the +1 medium shield "Tucieff" (worn) {rF+ MP-9 Stlth+}
   (You bought it in a shop on level 7 of the Dungeon)

   It protects you from fire.
   It affects your magic capacity (-9).
   It makes you more stealthy.
 K - a +2 pair of gloves of archery (worn)
 L - a +0 helmet of intelligence (worn)
 R - a +1 cloak of invisibility (worn)
Jewellery
 m - an amulet of regeneration (around neck)
 o - an uncursed ring of protection from cold
 r - the ring "Omaloc" (right hand) {MR+ Int+6 Dex-5 Slay+6}
   (You bought it in a shop in the Orcish Mines)

   [ring of protection from magic]

   It affects your intelligence (+6).
   It affects your dexterity (-5).
   It affects your accuracy and damage with ranged weapons and melee attacks
   (+6).
   It affects your resistance to hostile enchantments.
 x - an uncursed amulet of guardian spirit
 Q - a ring of insulation (left hand)
Wands
 l - a wand of acid (24)
 y - a wand of iceblast (37)
 M - a wand of flame (87)
 S - a wand of digging (12)
 W - a wand of clouds (16)
Scrolls
 d - 5 scrolls of amnesia
 g - 5 scrolls of magic mapping
 j - 15 scrolls of remove curse
 n - a scroll of brand weapon
 p - 5 scrolls of enchant armour
 t - 6 scrolls of fog
 u - 9 scrolls of enchant weapon
 D - 7 scrolls of teleportation
 E - a scroll of torment
 T - 2 scrolls of blinking
Potions
 f - 5 potions of resistance
 h - 11 potions of curing
 q - 2 potions of might
 A - 8 potions of magic
 B - 4 potions of heal wounds
 F - 5 potions of agility
 G - 4 potions of cancellation
 N - a potion of ambrosia
 P - 3 potions of invisibility
 U - 5 potions of mutation
Miscellaneous
 w - a phial of floods
 I - 3 phantom mirrors
 O - 2 boxes of beasts
 X - a lightning rod (4/4)
Comestibles
 e - 49 rations {!d}


   Skills:
 * Level 15.0 Fighting
 + Level 4.8 Long Blades
 * Level 17.7(18.8) Axes
 * Level 11.6(15.9) Maces & Flails
   Level 1.6 Bows
 * Level 11.5 Throwing
 * Level 12.7 Armour
 * Level 12.0 Dodging
 + Level 6.0 Stealth
 * Level 12.1 Shields
 * Level 10.6 Spellcasting
 * Level 9.0 Conjurations
 * Level 10.1 Necromancy
 * Level 3.9 Transmutations
 - Level 13.0 Invocations
 + Level 5.6 Evocations


You had 25 spell levels left.
You knew the following spells:

 Your Spells              Type           Power        Failure   Level  Hunger
a - Vampiric Draining     Necr           ######....   1%          3    None
b - Orb of Destruction    Conj           ######....   87%         7    ######.
c - Necromutation         Tmut/Necr      ######..     100%        8    #######

Your spell library contained the following spells:

 Spells                   Type           Power        Failure   Level  Hunger
 Animate Skeleton         Necr           N/A          1%          1    None
 Beastly Appendage        Tmut           #####.       1%          1    None
 Pain                     Necr           ######       1%          1    None
 Corpse Rot               Necr           N/A          1%          2    None
 Sublimation of Blood     Necr           ######....   1%          2    None
 Throw Frost              Conj/Ice       #####.       1%          2    None
 Agony                    Necr           ######..     1%          4    None
 Animate Dead             Necr           N/A          1%          4    None
 Sticks to Snakes         Tmut           #####...     2%          2    None
 Conjure Flame            Conj/Fire      #####...     3%          3    None
 Stone Arrow              Conj/Erth      #####.       3%          3    None
 Dispel Undead            Necr           ######..     3%          5    ###....
 Passwall                 Tmut/Erth      ####....     4%          2    None
 Bolt of Draining         Conj/Necr      ######....   4%          5    ###....
 Apportation              Tloc           ###...       8%          1    None
 Freeze                   Ice            ###...       8%          1    None
 Summon Butterflies       Summ           ###.....     8%          1    None
 Spider Form              Tmut/Pois      ###          11%         3    None
 Flaming Arrows           Chrm/Fire      ###.....     12%         2    None
 Fulminant Prism          Conj/Hex       #####.....   12%         4    None
 Throw Icicle             Conj/Ice       #####...     12%         4    None
 Beckoning                Tloc           ###.......   24%         3    None
 Inner Flame              Hex/Fire       N/A          24%         3    None
 Ozocubu's Armour         Chrm/Ice       ###.....     24%         3    None
 Static Discharge         Air            ###.....     24%         3    None
 Tukima's Dance           Hex            ###.....     24%         3    None
 Ice Form                 Ice/Tmut       ####....     34%         4    None
 Tree Form                Hex/Tmut       N/A          34%         4    None
 Fireball                 Conj/Fire      #####.....   34%         5    ###....
 Blade Hands              Tmut           #####.....   43%         5    ###....
 Bolt of Magma            Conj/Fire/Erth #####.....   56%         5    ###....
 Airstrike                Air            ###.......   63%         4    None
 Summon Ice Beast         Ice/Summ       ###.....     63%         4    None
 Death Channel            Chrm/Necr      ######....   86%         6    #####..
 Bolt of Fire             Conj/Fire      #####.....   90%         6    #####..
 Iron Shot                Conj/Erth      #####.....   90%         6    #####..
 Poison Arrow             Conj/Pois      #####.....   90%         6    #####..
 Summon Forest            Summ/Tloc      ###.......   94%         5    ###....
 Invisibility             Hex            ###.....     100%        6    #####..
 Steam Barrier            Chrm/Fire      ###.......   100%        6    #####..
 Summon Hydra             Summ           ###.......   100%        6    #####..
 Haunt                    Necr/Summ      ######....   100%        7    ######.
 Spellforged Servitor     Conj/Summ      #####.....   100%        7    ######.
 Borgnjor's Revivificati  Necr           ######....   100%        8    #######
 Chain Lightning          Conj/Air       #####.....   100%        8    #######
 Ignition                 Fire           ###.......   100%        8    #######


Dungeon Overview and Level Annotations

Branches:
Dungeon (12/12)            Temple (1/1) D:7            Lair (6/6) D:8
 Shoals (3/3) Lair:3        Snake (3/3) Lair:2        Slime (0/5) Lair:6
    Orc (1/1) D:9             Elf (3/3) Orc          Vaults (2/3) D:12
  Crypt (0/2) Vaults:2     Depths (3/5) D:12

Altars:
Ashenzari
Cheibriados
Dithmenos
Elyvilon
Fedhas
Gozag
Kikubaaqudgha
Lugonu
Makhleb
Nemelex Xobeh
Okawaru
Qazlal
Ru
Sif Muna
Trog
Vehumet
Wu Jian
Xom
Yredelemnul
Zin
The Shining One
Beogh
Jiyva

Shops:
D:5 *   D:7 **:[[   D:9 [   Orc [*=((   Elf:1 %=}}   Elf:2 !   Shoals:2 (
Vaults:1 :!*   Vaults:2 (   Depths:1 :*[   Depths:2 *

Portals:
Hell: Depths:1 Depths:2
Abyss: Depths:2
Ziggurat: Depths:1

Annotations:
D:11 exclusion: Erolcha
Shoals:1 Roxanne Orc 3 runed translucent doors, yrara's ghost, journeyman DsFi
Depths:3 Boris


Innate Abilities, Weirdness & Mutations

You have hooves in place of feet.
You are completely covered in rugged brown scales. (AC +3, +7% HP)
A demonic guardian rushes to your aid.
You are very robust. (+20% HP)
You are completely covered in sharp spines.
Your spells are a little easier to cast, but a little less powerful.


Message History

The hell knight mumbles some strange words.
The hell knight goes berserk!
The sphinx casts a spell.
Something smites you!
* * * LOW HITPOINT WARNING * * *
A yaktaur comes into view. x2
You hear a shout!
Unknown command.
Unknown command.
Unknown command.
Blink to where?
Press: ? - help, Dir - move target cursor You are very lightly contaminated with residual magic.
As you read the scroll of blinking, it crumbles to dust.
An orb spider, 4 yaktaurs, 2 giants and 4 hell knights come into view.
A hell knight is wielding a +0 broad axe of pain.
A hell knight is wielding a +3 demon whip of draining.
The fire giant is wielding a +1 great sword of flaming.
The spriggan berserker shouts!
The yaktaur shouts!
The yaktaur captain wields a +0 arbalest.
The yaktaur captain shoots a bolt.
The bolt hits you!!!
You die...

#..# # #....# #..# #..#
#.... #..# ##..# #..# #..#
.#..#####..#### . #..#
..........#..# .. #.<#
#C.....|.....# ... #..##.
#..##.......###.... #..##..
#.......##.......##
##..c..##.@.$.........†...#
##.c.........#.c#..#..#.(#
##.....c.c.##.####..# ##
#..Dc2Hcs.u.$# #..#
.#..ppcHCpc...# ....
.'....pQ.ip..## .....
.#..CG.(###)..p..###...
#..*CWC§# .p..... ....
#....#CC# .#..#.(


You could see a titan, a brown very ugly thing, a fire giant, an ice dragon, 2
sphinxes, a stone giant, a tengu reaver, a hell beast, 2 yaktaur captains, 2
ettins, 7 hell knights, an eye of devastation, a spriggan berserker, 6 yaktaurs,
an orb spider, a wraith and a battlesphere.

Vanquished Creatures
  An ancient lich (Depths:2)
  A Killer Klown (Depths:2)
  Bai Suzhen (Depths:1)
  Vashnia (Snake:2)
  3 rockslimes
  the Enchantress (Depths:1)
  A bone dragon (Abyss:1)
  8 liches
  A quicksilver dragon (Depths:3)
  2 deep elf master archers (Elf:3)
  3 deep elf blademasters
  2 sphinxes
  6 tentacled starspawn
  2 krakens
  Polyphemus (Shoals:3)
  Kirke (D:11)
  4 shadow dragons
  A tengu reaver (Vaults:2)
  The ghost of Winsalot the Prestidigitator, an adept OnNe of Kikubaaqudgha (Snake:3)
  9 nagarajas
  4 fire giants (Depths:2)
  Ilsuiw (Shoals:3)
  2 frost giants
  An iron dragon (Elf:1)
  4 deep elf sorcerers
  8 vault wardens
  2 orc warlords
  A cacodemon (Abyss:3)
  4 deep elf elementalists (Elf:3)
  4 spriggan defenders
  5 ironheart preservers
  3 vampire knights (Depths:2)
  10 stone giants
  18 very ugly things
  A juggernaut skeleton (Depths:2)
  7 deep elf demonologists
  10 deep elf annihilators
  11 dire elephants (Vaults:2)
  A spark wasp (Depths:2)
  An eidolon (Abyss:3)
  4 ettins
  10 deep elf death magi
  6 merfolk javelineers (Shoals:3)
  6 merfolk impalers
  Urug (D:11)
  A crystal guardian (Abyss:3)
  7 deep elf high priests
  2 fire dragons
  5 yaktaur captains
  Josephine (Lair:4)
  5 ice dragons
  4 rakshasas
  5 hydras
  8 vault guards
  11 naga warriors
  8 spriggan air magi
  Erolcha (D:11)
  A shadow wraith (Depths:2)
  2 catoblepae
  21 centaur warriors
  9 ogre magi
  10 anacondas
  4 merfolk avatars
  14 two-headed ogres
  2 death yaks (Shoals:3)
  2 death knights
  25 dancing weapons
  5 great orbs of eyes
  8 tengu warriors
  6 deep troll shamans
  6 sea snakes
  9 deep troll earth magi
  3 merfolk aquamancers (Shoals:3)
  A titan zombie (Abyss:2)
  2 orc high priests
  A vampire mage (Depths:2)
  4 ironheart beastmasters (Vaults:2)
  A spriggan berserker (Depths:2)
  4 shock serpents
  9 deep trolls
  A thrashing horror (Abyss:2)
  15 deep elf knights
  9 wretched stars
  15 naga sharpshooters
  4 soul eaters
  A sun demon (Abyss:3)
  A salamander mystic (Snake:2)
  2 fire crabs (Shoals:3)
  4 skeletal warriors
  15 hell knights
  A spatial maelstrom (Abyss:1)
  A shadow demon (Abyss:3)
  11 starcursed masses (Abyss:3)
  3 unseen horrors
  4 flayed ghosts
  3 glowing orange brains
  An orange crystal statue (Elf:2)
  8 naga ritualists
  4 deep elf archers
  2 cyclopes
  8 ironheart convokers
  4 necromancers
  12 mana vipers
  4 wizards
  Pikel (D:9)
  A phantasmal warrior (Vaults:2)
  19 ugly things
  26 deep elf magi
  A stone giant zombie (Depths:2)
  17 harpies
  A harpy (shapeshifter) (Depths:2)
  5 orc knights
  9 orc sorcerers
  A frost giant zombie (Depths:2)
  8 manticores
  An orb spider (shapeshifter) (Depths:1)
  A manticore (shapeshifter) (Elf:2)
  4 salamanders
  6 fauns
  A fire giant zombie (Depths:2)
  A wolf spider (Lair:6)
  A worldbinder (Abyss:1)
  33 naga magi
  18 elephants
  A fire giant skeleton (Depths:2)
  5 vault sentinels
  37 black mambas
  3 guardian serpents
  8 merfolk sirens
  A guardian serpent (shapeshifter) (Depths:2)
  8 cane toads
  7 water nymphs
  An orange demon (Abyss:2)
  3 apocalypse crabs
  3 kobold demonologists
  A gargoyle (D:12)
  A rime drake (Lair:6)
  29 yaktaurs
  A hellion (Abyss:3)
  7 freezing wraiths
  9 komodo dragons
  2 efreet
  An ancient zyme (Abyss:1)
  An ice devil (Abyss:1)
  A polar bear (shapeshifter) (Depths:3)
  2 tengu conjurers
  6 polar bears
  A jumping spider (shapeshifter) (Depths:1)
  8 wind drakes
  23 merfolk
  Prince Ribbit (D:5)
  3 trolls
  9 hornets
  12 dream sheep
  18 slime creatures
  6 snapping turtles
  A raiju (shapeshifter) (Depths:1)
  5 blink frogs
  5 hippogriffs
  A spriggan skeleton (Depths:2)
  Sigmund (D:3)
  3 vampires
  2 ynoxinuls
  3 air elementals
  22 spriggans
  7 wraiths
  18 large abominations
  A wyvern (D:9)
  A fire elemental (Elf:3)
  A human (shapeshifter) (D:10)
  3 hogs (D:11)
  13 water elementals
  21 yaks
  3 basilisks
  Grum (D:10)
  2 vampire mosquitoes (D:11)
  A chaos spawn (Abyss:1)
  33 nagas
  4 wargs
  3 spatial vortices (Abyss:1)
  15 water moccasins
  2 acid dragons
  9 crocodiles
  A slave (D:9)
  A phantom (D:6)
  12 porcupines
  3 eyes of draining
  An alligator simulacrum (Abyss:3)
  3 ice beasts
  3 black bears
  31 orc warriors
  2 sky beasts
  20 ogres
  18 boggarts
  2 centaurs
  24 wolves
  9 bullfrogs
  8 big kobolds
  2 earth elementals
  A water moccasin zombie (D:8)
  A wyvern zombie (D:8)
  6 scorpions
  11 small abominations
  A human simulacrum (Vaults:2)
  3 howler monkeys (D:7)
  3 wights
  4 electric eels
  5 crimson imps
  2 bullfrog zombies
  5 centaur zombies
  9 hounds
  13 jellies
  24 orc wizards
  A human zombie (Abyss:3)
  18 orc priests
  A gnoll shaman (D:9)
  An iron imp (Abyss:1)
  4 iguanas
  7 worker ants
  5 hell rats (Lair:4)
  A hound skeleton (D:9)
  4 gnolls (D:6)
  13 adders
  A shadow imp (D:7)
  3 white imps
  2 ufetubi (Abyss:1)
  2 adder skeletons (D:4)
  A worm (D:2)
  7 leopard geckos
  90 orcs
  2 giant cockroaches
  4 goblins
  12 hobgoblins
  8 jackals
  3 quokkas
  3 ball pythons
  A bat (D:2)
  A frilled lizard (D:1)
  25 kobolds
  A quokka skeleton (D:6)
  4 rats
  2 fungi (Lair:4)
  11 plants
  6 starspawn tentacles
  2 tentacles (Shoals:2)
1544 creatures vanquished.

Vanquished Creatures (collateral kills)
  A tentacled starspawn (Abyss:3)
  A shadow dragon (Depths:2)
  A deep elf death mage (Depths:2)
  A yaktaur captain (Depths:2)
  An ice dragon (Depths:1)
  A hydra (Lair:3)
  A great orb of eyes (Depths:2)
  A deep troll earth mage (Depths:2)
  3 ugly things
  A tengu conjurer (Depths:2)
  A blink frog (Lair:3)
  2 dream sheep
  A hippogriff (D:12)
  A spriggan (Depths:2)
  A water elemental (Lair:3)
  3 yaks
  A hungry ghost (D:11)
  A sky beast (D:4)
  An ice beast (D:4)
  A wolf (Lair:6)
  A scorpion (D:5)
  An orc priest (D:8)
  A hound (D:7)
  An orc wizard (Orc)
  2 worker ants
  8 orcs
  2 jackals
  3 kobolds
  A starspawn tentacle (Abyss:1)
45 creatures vanquished.

Vanquished Creatures (others)
  A great orb of eyes (Depths:3)
  A shadow wraith (Depths:2)
  A golden eye (Abyss:3)
  A human (D:11)
  2 nagas
  3 slaves (D:9)
  A quasit (Abyss:2)
  An orc wizard (Orc)
  A shadow imp (D:9)
  A worker ant simulacrum (D:9)
  A bush (Lair:5)
  12 fungi
  A lurking horror (Abyss:3)
  29 plants
  25 starspawn tentacles
  8 tentacles
89 creatures vanquished.

Grand Total: 1678 creatures vanquished

Notes
Turn   | Place    | Note
-------+----------+-------------------------------------------
     0 | D:1      | Morbidden the Demonspawn Archaeologist began the quest for
                  | the Orb.
     0 | D:1      | Reached XP level 1. HP: 15/15 MP: 1/1
   417 | D:1      | Reached skill level 1 in Maces & Flails
   417 | D:1      | Gained mutation: A weak demonic guardian rushes to your
                  | aid. [demonic ancestry]
   417 | D:1      | Reached XP level 2. HP: 17/21 MP: 2/2
  1044 | D:2      | Gained mutation: You are partially covered in sharp spines.
                  | [demonic ancestry]
  1044 | D:2      | Reached XP level 3. HP: 27/27 MP: 3/3
  1139 | D:2      | Found a radiant altar of Vehumet.
  1580 | D:3      | Noticed Sigmund
  1650 | D:2      | Reached XP level 4. HP: 33/35 MP: 4/4
  1791 | D:3      | Found a sparkling altar of Nemelex Xobeh.
  1803 | D:3      | Found a basalt altar of Yredelemnul.
  1883 | D:3      | Killed Sigmund
  1884 | D:3      | Reached skill level 1 in Armour
  1884 | D:3      | Gained mutation: You are mostly covered in sharp spines.
                  | [demonic ancestry]
  1884 | D:3      | Reached XP level 5. HP: 20/42 MP: 5/5
  1884 | D:3      | Identified a scroll of acquirement
  1891 | D:3      | Identified the +7 great mace of the Tomato {crush, rC- rN+
                  | Dex+2} (You acquired it on level 3 of the Dungeon)
  1891 | D:3      | Identified the amulet of Vequa {Gourm Dex+4} (You acquired
                  | it on level 3 of the Dungeon)
  2637 | D:3      | Reached XP level 6. HP: 49/49 MP: 6/6
  2857 | D:4      | Noticed an ice beast
  2873 | D:4      | Killed an ice beast
  3088 | D:4      | Found a burning altar of Makhleb.
  3093 | D:4      | Reached skill level 5 in Fighting
  3166 | D:4      | Found a bloodstained altar of Trog.
  3167 | D:4      | Noticed a sky beast
  3172 | D:4      | Killed a sky beast
  3173 | D:4      | Gained mutation: You are partially covered in rugged brown
                  | scales. (AC +1, +3% HP) [demonic ancestry]
  3173 | D:4      | Reached XP level 7. HP: 51/57 MP: 7/7
  3384 | D:4      | Found a blossoming altar of Fedhas.
  3385 | D:4      | Found a white marble altar of Elyvilon.
  3489 | D:4      | Found a shadowy altar of Dithmenos.
  3662 | D:5      | Entered Level 5 of the Dungeon
  3913 | D:5      | Found Hihotwet's Assorted Antiques.
  3956 | D:5      | Bought a dented cabochon amulet for 160 gold pieces
  3958 | D:5      | Bought a viscous yellow potion for 28 gold pieces
  3958 | D:5      | Bought a lumpy golden potion for 28 gold pieces
  4048 | D:5      | Gained mutation: You have large cloven feet. [demonic
                  | ancestry]
  4048 | D:5      | Reached XP level 8. HP: 62/65 MP: 8/8
  4187 | D:5      | Noticed Prince Ribbit
  4284 | D:5      | Killed Prince Ribbit
  4438 | D:5      | Reached skill level 1 in Bows
  4939 | D:6      | Reached skill level 1 in Axes
  4939 | D:6      | Reached skill level 5 in Armour
  5440 | D:6      | Noticed a hippogriff
  5447 | D:6      | Killed a hippogriff
  5557 | D:7      | Noticed a two-headed ogre
  5590 | D:6      | Killed a two-headed ogre
  5591 | D:6      | Reached skill level 3 in Axes
  5591 | D:6      | Reached skill level 5 in Dodging
  5591 | D:6      | Reached XP level 9. HP: 66/74 MP: 9/9
  5979 | D:7      | Found a corrupted altar of Lugonu.
  6051 | D:7      | Found a staircase to the Ecumenical Temple.
  6052 | D:7      | Found Duosin's Antique Armour Shoppe.
  6061 | D:7      | Reached skill level 1 in Throwing
  6072 | D:7      | Found Icsa's Assorted Antiques.
  6072 | D:7      | Found Nepnue's Antique Armour Shoppe.
  6073 | D:7      | Found Ipacanaqi's Book Shoppe.
  6096 | Temple   | Entered the Ecumenical Temple
  6134 | Temple   | Became a worshipper of Cheibriados the Contemplative
  6147 | D:7      | Reached skill level 4 in Axes
  6178 | D:7      | Bought an ichor-stained broad axe for 306 gold pieces
  6183 | D:7      | Identified the +5 broad axe of Desperation {drain, rC+ MP+9
                  | Dex+3} (You bought it in a shop on level 7 of the Dungeon)
  6193 | D:7      | Bought a twisted medium shield for 332 gold pieces
  6198 | D:7      | Identified the +1 medium shield "Tucieff" {rF+ MP-9 Stlth+}
                  | (You bought it in a shop on level 7 of the Dungeon)
  6210 | D:7      | Bought a pair of runed gloves for 187 gold pieces
  6210 | D:7      | Bought a glowing helmet for 187 gold pieces
  6283 | D:7      | Found a glowing golden altar of the Shining One.
  6360 | D:7      | Found Bonudgh's General Store.
  6495 | D:7      | Found an iron altar of Okawaru.
  6644 | D:8      | Reached skill level 1 in Invocations
  6751 | D:8      | Reached skill level 1 in Spellcasting
  6788 | D:8      | Gained mutation: You are mostly covered in rugged brown
                  | scales. (AC +2, +5% HP) [demonic ancestry]
  6788 | D:8      | Reached XP level 10. HP: 64/84 MP: 11/11
  6796 | D:8      | Reached * piety under Cheibriados
  6973 | D:8      | Found a staircase to the Lair.
  7147 | D:8      | Reached skill level 1 in Shields
  7181 | D:8      | Reached skill level 5 in Axes
  7257 | D:8      | Noticed a two-headed hydra
  7263 | D:8      | Killed a two-headed hydra
  7263 | D:8      | Reached ** piety under Cheibriados
  7402 | D:8      | Found an ornate altar of the Wu Jian Council.
  7485 | D:8      | Found a stormy altar of Qazlal.
  7587 | D:9      | Found Vathratust's Armour Shoppe.
  7634 | D:9      | Got a faintly glowing scale mail
  7646 | D:9      | Noticed Pikel
  7651 | D:9      | Killed Pikel
  7661 | D:9      | Noticed a centaur warrior
  7670 | D:9      | Killed a centaur warrior
  7671 | D:9      | Reached skill level 6 in Axes
  7790 | D:9      | Identified the +4 scale mail of the Equator {Regen+ Str+9
                  | Dex-2 Slay+6} (You found it on level 9 of the Dungeon)
  7845 | D:9      | Noticed a five-headed hydra
  7859 | D:9      | Killed a five-headed hydra
  7860 | D:9      | Gained mutation: You have hoof-like feet. [demonic
                  | ancestry]
  7860 | D:9      | Reached XP level 11. HP: 20/91 MP: 6/15
  7877 | D:9      | Noticed a green ugly thing
  7893 | D:9      | Killed a green ugly thing
  8032 | D:9      | Noticed a soul eater
  8182 | D:9      | Reached *** piety under Cheibriados
  8443 | D:9      | Found a staircase to the Orcish Mines.
  8544 | D:9      | Found a shattered altar of Ashenzari.
  8693 | D:10     | Entered Level 10 of the Dungeon
  9103 | D:10     | Noticed Grum
  9114 | D:10     | Killed Grum
  9496 | D:10     | Reached skill level 5 in Invocations
  9563 | Lair:1   | Entered Level 1 of the Lair of Beasts
  9593 | Lair:1   | Reached skill level 7 in Axes
  9721 | Lair:1   | Reached **** piety under Cheibriados
 10299 | Lair:2   | Reached skill level 8 in Axes
 10479 | Lair:2   | Found a staircase to the Snake Pit.
 11165 | Lair:3   | Gained mutation: You are robust. (+10% HP) [demonic
                  | ancestry]
 11165 | Lair:3   | Reached XP level 12. HP: 93/109 MP: 16/16
 11464 | Lair:3   | Noticed an eight-headed hydra
 11472 | Lair:3   | Killed an eight-headed hydra
 11744 | Lair:3   | Reached ***** piety under Cheibriados
 12405 | Lair:4   | Reached skill level 9 in Axes
 12441 | Lair:4   | Noticed a four-headed hydra
 12447 | Lair:4   | Killed a seven-headed hydra
 12555 | Lair:4   | Noticed Josephine
 12562 | Lair:4   | Killed Josephine
 12654 | Lair:4   | Reached skill level 5 in Shields
 12860 | Lair:4   | Reached skill level 10 in Axes
 12860 | Lair:4   | Reached XP level 13. HP: 111/117 MP: 18/18
 13702 | Lair:5   | Reached ****** piety under Cheibriados
 14188 | Lair:5   | Reached skill level 10 in Fighting
 14217 | Lair:6   | Entered Level 6 of the Lair of Beasts
 14409 | Lair:6   | Reached skill level 5 in Stealth
 14498 | Lair:6   | Reached skill level 5 in Throwing
 14545 | Lair:6   | Found a staircase to the Slime Pits.
 14548 | Lair:6   | Found a viscous altar of Jiyva.
 14648 | Lair:6   | Reached skill level 11 in Axes
 14951 | Lair:6   | Reached XP level 14. HP: 126/126 MP: 20/20
 14996 | Lair:6   | Got an iridescent scimitar
 15847 | D:11     | Noticed Erolcha
 16143 | D:11     | Noticed Urug
 16152 | D:11     | Killed Urug
 16184 | D:11     | Noticed Kirke
 16187 | D:11     | Noticed a sphinx
 16203 | D:11     | Killed Kirke
 16219 | D:11     | Identified the +12 scimitar "Lirelieh" {freeze, Str+3
                  | Dex+3} (You found it on level 6 of the Lair of Beasts)
 16275 | D:11     | Noticed a purple very ugly thing
 16280 | D:11     | Found the +9 staff of Olgreb {rPois}
 16509 | D:12     | Entered Level 12 of the Dungeon
 16527 | D:12     | Reached skill level 12 in Axes
 16543 | D:12     | Reached skill level 5 in Spellcasting
 16550 | D:12     | Reached skill level 1 in Long Blades
 16592 | D:12     | Found a gate to the Vaults.
 16662 | D:12     | Found a flagged portal.
 16663 | D:12     | Found the +8 mithril axe "Arga" {speed, MR+}
 16666 | Bailey   | Entered a bailey
 17227 | Bailey   | Learned a level 3 spell: Vampiric Draining
 17233 | Bailey   | Found a burning altar of Makhleb.
 17308 | D:12     | Found a staircase to the Depths.
 17636 | D:12     | Learned a level 7 spell: Orb of Destruction
 17997 | D:12     | Reached skill level 1 in Conjurations
 18024 | D:12     | Reached skill level 10 in Armour
 18220 | Orc      | Entered the Orcish Mines
 18221 | Orc      | Noticed an orc warlord
 18233 | Orc      | Found Eloyggih's Weapon Emporium.
 18246 | Orc      | Gained mutation: You have hooves in place of feet. [demonic
                  | ancestry]
 18246 | Orc      | Reached XP level 15. HP: 109/134 MP: 23/23
 18274 | Orc      | Found a staircase to the Elven Halls.
 18292 | Orc      | Killed an orc warlord
 18376 | Orc      | Found a roughly hewn altar of Beogh.
 18390 | Orc      | Found Ecoklim's General Store.
 18394 | Orc      | Reached skill level 1 in Necromancy
 18437 | Orc      | Found Zumuh's Jewellery Shoppe.
 18439 | Orc      | Found Zexoitt's Antique Weapon Shoppe.
 18552 | Orc      | Bought the ring "Omaloc" {MR+ Int+6 Dex-5 Slay+6} for 948
                  | gold pieces
 18982 | Orc      | Found Lixaomad's Antique Armour Shoppe.
 19045 | Orc      | Found a runed translucent gate.
 19045 | Orc      | Found a runed translucent gate.
 19046 | Orc      | Found a runed translucent gate.
 19190 | Orc      | Noticed yrara's ghost (journeyman DsFi)
 19408 | Snake:1  | Entered Level 1 of the Snake Pit
 19706 | Snake:1  | Got a twisted leather armour
 19861 | Snake:1  | Noticed a nagaraja
 19868 | Snake:1  | Killed a nagaraja
 19869 | Snake:1  | Reached skill level 13 in Axes
 20277 | Snake:2  | Reached skill level 10 in Invocations
 20860 | Snake:2  | Noticed Vashnia
 20874 | Snake:2  | Gained mutation: You are completely covered in sharp
                  | spines. [demonic ancestry]
 20874 | Snake:2  | Reached XP level 16. HP: 25/143 MP: 21/25
 21430 | Snake:2  | Killed Vashnia
 21823 | Snake:3  | Entered Level 3 of the Snake Pit
 22129 | Snake:3  | Found a transporter.
 22135 | Snake:3  | Noticed Winsalot's ghost (adept OnNe)
 22143 | Snake:3  | Found a transporter.
 22191 | Snake:3  | Killed Winsalot's ghost
 22477 | Snake:3  | Found a burning altar of Makhleb.
 22481 | Snake:3  | Got a pitted bone ring
 22555 | Snake:3  | Identified the ring "Vymnoypn" {Fire Str+4} (You found it
                  | on level 3 of the Snake Pit)
 23252 | Snake:3  | Reached skill level 10 in Dodging
 23715 | Snake:3  | Reached XP level 17. HP: 114/151 MP: 27/27
 23718 | Snake:3  | Reached skill level 5 in Necromancy
 24036 | Snake:3  | Reached skill level 14 in Axes
 24085 | Snake:3  | Got a serpentine rune of Zot
 24314 | Shoals:1 | Entered Level 1 of the Shoals
 24536 | Shoals:1 | Reached skill level 5 in Maces & Flails
 24623 | Shoals:1 | Noticed Roxanne
 24979 | Shoals:2 | HP: 6/152 [drowned by a water nymph (7)]
 25120 | Shoals:1 | Reached XP level 18. HP: 163/163 MP: 29/29
 25831 | Shoals:2 | Found Xiqughar's Weapon Shoppe.
 25956 | Shoals:3 | Entered Level 3 of the Shoals
 25959 | Shoals:3 | Noticed Polyphemus
 26347 | Shoals:3 | Killed Polyphemus
 26428 | Shoals:3 | Identified the +2 leather armour "Jinit" {Int-5 Dex+6}
 26512 | Shoals:3 | Identified the +3 leather armour of Paranoia {rN+ Str+2}
 26838 | Shoals:3 | Noticed Ilsuiw
 26844 | Shoals:3 | Killed Ilsuiw
 26935 | Shoals:3 | Identified the +5 hand axe of Fatigue {freeze, rPois rN+
                  | Dex+3}
 27063 | Shoals:3 | Reached skill level 5 in Conjurations
 27241 | Shoals:3 | Identified the amulet "Foaronwi" {Inacc Dex+3}
 27301 | Shoals:3 | Got a barnacled rune of Zot
 28315 | Shoals:2 | Found Xiqughar's Weapon Shoppe.
 29338 | D:11     | Killed Erolcha
 29339 | D:11     | Gained mutation: You are completely covered in rugged brown
                  | scales. (AC +3, +7% HP) [demonic ancestry]
 29339 | D:11     | Reached XP level 19. HP: 159/173 MP: 31/31
 29461 | D:12     | Identified the +8 rapier "Cyuthriott" {pierce, rN++ Int+4}
                  | (You found it on level 12 of the Dungeon)
 29707 | Vaults:1 | Entered Level 1 of the Vaults
 29858 | Vaults:1 | Found Xoxuwol's Distillery.
 29929 | Vaults:1 | Reached skill level 1 in Evocations
 30231 | Vaults:1 | Reached skill level 15 in Axes
 30758 | Vaults:1 | Found Joci's Book Shop.
 31163 | Vaults:1 | Found Ofipp's Assorted Antiques.
 31171 | Vaults:1 | Bought a scroll labeled FIKUJA QATTYO for 25 gold pieces
 31171 | Vaults:1 | Bought 2 scrolls of teleportation for 150 gold pieces
 31387 | Vaults:2 | Gained mutation: You are very robust. (+20% HP) [demonic
                  | ancestry]
 31387 | Vaults:2 | Reached XP level 20. HP: 152/198 MP: 32/32
 31548 | Vaults:2 | Reached skill level 10 in Shields
 32031 | Vaults:2 | Found a staircase to the Crypt.
 32043 | Vaults:2 | Found Tasos's Weapon Boutique.
 32319 | Vaults:2 | Reached skill level 16 in Axes
 32731 | Elf:1    | Entered Level 1 of the Elven Halls
 32927 | Elf:1    | Found Laitics's Food Boutique.
 33120 | Elf:1    | Found Moprasche's Jewellery Boutique.
 33120 | Elf:1    | Found Ycufedaiza's Gadget Shoppe.
 33121 | Elf:1    | Found Buiroono's Gadget Shoppe.
 33407 | Elf:1    | Found a runed translucent gate.
 33407 | Elf:1    | Found a runed translucent gate.
 33407 | Elf:1    | Found a runed translucent gate.
 33407 | Elf:1    | Found a runed translucent gate.
 33407 | Elf:1    | Found a runed translucent gate.
 33490 | Elf:1    | Found a runed translucent gate.
 33779 | Elf:2    | Found Wodaojica's Distillery.
 33787 | Elf:2    | Bought a potion of resistance for 140 gold pieces
 33787 | Elf:2    | Bought a potion of resistance for 140 gold pieces
 33787 | Elf:2    | Bought a potion of mutation for 112 gold pieces
 33965 | Elf:2    | Found a huge runed gate.
 33965 | Elf:2    | Found a huge runed gate.
 33965 | Elf:2    | Found a huge runed gate.
 33965 | Elf:2    | Found a huge runed gate.
 33967 | Elf:2    | Found a huge runed gate.
 33970 | Elf:2    | Identified the +6 short sword of Autumn {pierce, rElec rF-
                  | Int+7}
 34323 | Elf:3    | Entered Level 3 of the Elven Halls
 34965 | Elf:2    | Gained mutation: A demonic guardian rushes to your aid.
                  | [demonic ancestry]
 34965 | Elf:2    | Reached XP level 21. HP: 118/208 MP: 34/34
 35513 | Elf:3    | Identified the +9 falchion of the Evening {freeze, Dex+4}
 35513 | Elf:3    | Identified the ring of Fatigue {*Slow Str+8 Dex+4}
 35526 | Elf:3    | Reached skill level 10 in Throwing
 35531 | Elf:3    | Identified the cursed +1 hand axe of Weukhl Cixku {chop,
                  | Int+4 Dex+6 Stlth+}
 35534 | Elf:3    | Identified the +7 chain mail "Danuruac" {rN++}
 35616 | Elf:3    | Identified the +5 battleaxe of Yesterday {venom, *Rage
                  | +Blink rF+ rC+}
 35616 | Elf:3    | Identified the +2 robe of Ceynysoi {Int+7}
 35620 | Elf:3    | Reached skill level 5 in Evocations
 35632 | Elf:3    | Cast into level 1 of the Abyss (a deep elf sorcerer)
 36637 | Elf:3    | Escaped the Abyss
 36780 | Elf:3    | Cast into level 2 of the Abyss (a deep elf demonologist)
 36848 | Abyss:2  | Found a corrupted altar of Lugonu.
 37595 | Elf:3    | Escaped the Abyss
 37643 | Elf:3    | Identified Sif Muna's Reference Book on Weightlessness and
                  | the Glacier
 37821 | Elf:3    | Identified the +5 battleaxe of Temperance {speed, *Slow rN+
                  | Int+6 SInv}
 37911 | Elf:3    | Identified the Grimoire of Fire
 37936 | Elf:3    | Identified the cursed +1 chain mail "Xuaseh" {rElec rF++
                  | Dex-2 SInv}
 38262 | Depths:1 | Entered Level 1 of the Depths
 38332 | Depths:1 | Reached skill level 10 in Maces & Flails
 38457 | Depths:1 | Found Ebuziq's Book Shoppe.
 38457 | Depths:1 | Found Huisou's General Store.
 38461 | Depths:1 | Found Isookhloll's Armour Shoppe.
 38467 | Depths:1 | Noticed Bai Suzhen
 38483 | Depths:1 | Killed Bai Suzhen
 38506 | Depths:1 | Bought a scroll of blinking for 120 gold pieces
 38508 | Depths:1 | Bought a Necronomicon for 1545 gold pieces
 38517 | Depths:1 | Learned a level 8 spell: Necromutation
 38631 | Depths:1 | Identified the +3 faerie dragon scales {rF- Regen+ rCorr
                  | Str+9}
 38631 | Depths:1 | Noticed the Enchantress
 38647 | Depths:1 | Killed the Enchantress
 38648 | Depths:1 | Reached XP level 22. HP: 196/219 MP: 35/35
 38651 | Depths:1 | Reached skill level 1 in Transmutations
 38657 | Depths:1 | Found a gateway to Hell.
 38831 | Depths:1 | Found a gateway to a ziggurat.
 39327 | Depths:2 | Found Ezobakkoq's General Store.
 39332 | Depths:2 | Bought a wand of clouds (6) for 252 gold pieces
 39360 | Depths:2 | Reached skill level 17 in Axes
 39402 | Depths:2 | Reached skill level 10 in Spellcasting
 39506 | Depths:2 | Noticed an ancient lich
 39510 | Depths:2 | HP: 1/219 [soul eater/drain life (18)]
 39605 | Depths:2 | Killed an ancient lich
 39612 | Depths:2 | Paralysed by a lich for 2 turns
 39613 | Depths:2 | Cast into level 3 of the Abyss (a lich)
 39613 | Abyss:3  | Found a corrupted altar of Lugonu.
 39753 | Abyss:3  | Gained mutation: Your spells are a little easier to cast,
                  | but a little less powerful. [a cacodemon]
 40257 | Depths:2 | Escaped the Abyss
 40424 | Depths:2 | Identified the Papyrus of Evil Rites
 40820 | Depths:2 | Found a one-way gate to the infinite horrors of the Abyss.
 40920 | Depths:2 | Found the +7 captain's cutlass {speed, disarm}
 40954 | Depths:2 | Reached XP level 23. HP: 119/228 MP: 37/37
 41086 | Depths:2 | Noticed a Killer Klown
 41102 | Depths:2 | Paralysed by something for 3 turns
 41291 | Depths:2 | Killed a Killer Klown
 41294 | Depths:2 | Reached skill level 10 in Necromancy
 41466 | Depths:3 | Noticed Boris
 41477 | Depths:3 | Reached skill level 15 in Fighting
 41479 | Depths:3 | Shot with a bolt by a yaktaur captain

Skill      XL: |  1  2  3  4  5  6  7  8  9 10 11 12 13 14 15 16 17 18 19 20 21 22 23 |
---------------+----------------------------------------------------------------------+-----
Dodging        | 3 5 6 7 8 9 10 11 12 | 12.0
Maces & Flails | 1 2 3 4 5 6 7 9 10 11 | 11.6
Fighting       | 2 3 4 5 6 7 8 9 10 11 12 13 14 15 | 15.0
Armour         | 1 3 4 6 7 8 9 10 11 12 | 12.7
Stealth        | 4 5 6 |  6.0
Bows           | 1 |  1.6
Axes           | 3 4 6 8 10 11 12 13 14 15 16 17 | 17.7
Throwing       | 1 3 4 5 6 7 8 9 10 11 | 11.5
Invocations    | 1 4 5 7 8 9 10 11 12 13 | 13.0
Spellcasting   | 1 2 4 5 6 7 8 9 10 | 10.6
Shields        | 2 3 5 6 7 8 9 10 11 12 | 12.1
Long Blades    | 1 2 3 4 |  4.8
Conjurations   | 1 3 4 5 6 7 8 9 |  9.0
Necromancy     | 3 4 5 7 8 9 10 | 10.1
Evocations     | 3 4 5 |  5.6
Transmutations | 3 |  3.9

Action                   |  1- 3 |  4- 6 |  7- 9 | 10-12 | 13-15 | 16-18 | 19-21 | 22-24 || total
-------------------------+-------+-------+-------+-------+-------+-------+-------+-------++-------
Melee: Whip              |    87 |    66 |       |       |       |       |       |       ||   153
       Flail             |       |    47 |    80 |       |       |       |       |       ||   127
       War axe           |       |       |   111 |       |       |       |       |       ||   111
       Broad axe         |       |       |    31 |   347 |   600 |   409 |   773 |   361 ||  2521
       Morningstar       |       |       |       |    16 |    11 |       |       |       ||    27
       Kick              |       |       |       |       |    74 |   194 |   418 |   226 ||   912
       Scimitar          |       |       |       |       |     1 |    13 |       |       ||    14
 Fire: Blowgun           |    67 |     6 |       |       |       |       |       |       ||    73
       Shortbow          |       |       |    10 |       |       |       |       |       ||    10
Throw: Tomahawk          |       |     3 |     7 |     7 |       |    21 |   102 |    68 ||   208
       Stone             |       |       |       |    29 |   128 |   133 |   201 |    56 ||   547
       Javelin           |       |       |       |       |    15 |    40 |     5 |     4 ||    64
 Cast: Vampiric Draining |       |       |       |       |       |    35 |       |     5 ||    40
Invok: Slouch            |       |       |       |       |     2 |     4 |     7 |     1 ||    14
       Step From Time    |       |       |       |       |     1 |     2 |     2 |     2 ||     7
Evoke: Wand              |       |       |       |       |     2 |     1 |     1 |     3 ||     7
       Box of beasts     |       |       |       |       |       |     1 |       |       ||     1
  Use: Scroll            |     1 |     2 |     3 |    12 |    12 |    10 |     3 |     6 ||    49
       Potion            |       |     1 |       |     2 |     3 |     5 |       |     2 ||    13
 Stab: Distracted        |       |     2 |     1 |     4 |    12 |     5 |     6 |     7 ||    37
       Sleeping          |       |       |       |    13 |    11 |     1 |     3 |     3 ||    31
       Confused          |       |       |       |       |       |       |       |     3 ||     3
  Eat: Chunk             |     7 |     8 |    18 |    27 |    25 |    21 |    29 |    11 ||   146
       Ration            |       |       |       |       |     3 |     3 |     3 |     1 ||    10
Armor: Robe              |    30 |       |       |       |       |       |       |       ||    30
       Crystal plate arm |    77 |   124 |   271 |   112 |       |       |       |       ||   584
       Scale mail        |       |       |       |   126 |   227 |   225 |   178 |   114 ||   870
Dodge: Dodged            |    47 |       |     2 |   136 |   425 |   343 |   394 |   231 ||  1578
Block: Medium shield     |       |       |    16 |   268 |   571 |   481 |   590 |   307 ||  2233
